 Dungeon Crawl Stone Soup version 0.27.0-1-g7a089689b8 (webtiles) character file.

Game seed: 15594480114059855787

1462248 mdonais the Conqueror (level 27, 245/245 HPs)
             Began as a Green Draconian Arcane Marksman on Aug 7, 2021.
             Was the Champion of Okawaru.
             Escaped with the Orb
             ... and 3 runes on Aug 8, 2021!
             The game lasted 06:19:16 (106256 turns).

mdonais the Conqueror (DrAM)                      Turns: 106256, Time: 06:19:17

Health: 245/245    AC: 28    Str: 17    XL:     27
Magic:  26/26      EV: 31    Int: 14    God:    Okawaru [******]
Gold:   682        SH:  5    Dex: 24    Spells: 36/47 levels left

rFire    + . .     SeeInvis .   a - +9 triple crossbow (freeze)
rCold    + . .     Faith    .   (shield currently unavailable)
rNeg     + . .     Spirit   +   (armour unavailable)
rPois    +         Reflect  +   W - +2 hat of the Bear Spirit {Spirit, +Rage rN+ Will++}
rElec    +         Harm     .   G - +2 cloak {Stlth+}
rCorr    .         Rampage  .   F - +2 pair of gloves {archery}
Will     +++++                  h - +2 pair of boots
Stlth    ++........             m - amulet "Erghal" {Reflect rF+ Int+3 Dex+4 SH+5}
HPRegen  0.50/turn              O - ring "Bahuj" {rElec rPois Will++ Int-4 Dex+3 Slay+4}
MPRegen  0.20/turn              n - +4 ring of protection

@: hasted, studying Slings, very quick
A: breathe noxious fumes, AC +13, unfitting armour, stinger 1, poison
resistance, cold-blooded, talons 1, cold resistance 1, frail 1, low mp 3, weak
1, no potion heal 2
0: Orb of Zot
}: 3/15 runes: barnacled, silver, gossamer
a: Breathe Noxious Fumes, Renounce Religion, Evoke Berserk Rage, Heroism,
Finesse


You escaped.
You worshipped Okawaru.
Okawaru was exalted by your worship.
You visited 11 branches of the dungeon, and saw 53 of its levels.
You visited 1 bazaar.
You also visited: Trove, Ice Cave and Volcano.

You collected 8606 gold pieces.
You spent 7924 gold pieces at shops.

Inventory:

Hand Weapons
 a - a +9 triple crossbow of freezing (weapon)
   (Okawaru gifted it to you on level 2 of the Lair of Beasts)
 b - the +9 lajatang of Tiebir {vorpal, rElec Str-3 Dex+4 Stlth+}
   (Okawaru gifted it to you on level 15 of the Dungeon)

   It inflicts extra damage upon your enemies.
   Str:       It affects your strength (-3).
   Dex:       It affects your dexterity (+4).
   rElec:     It insulates you from electricity.
   Stlth:     It makes you more stealthy.
 z - the +2 arbalest "Kuluprap" {elec, rF+ rC++ Int-4}
   (Okawaru gifted it to you on level 3 of the Lair of Beasts)

   Any ammunition fired from it occasionally discharges a powerful burst of
   electricity upon striking a foe.
   Int:       It affects your intelligence (-4).
   rF:        It protects you from fire.
   rC:        It greatly protects you from cold.
Missiles
 N - 851 bolts (quivered ammo)
 Z - 11 throwing nets {=!f}
Armour
 h - a +2 pair of boots (worn)
   (You found it on level 1 of the Vaults)
 y - the +3 buckler of Cest {rPois Int+5 Stlth-}
   (Okawaru gifted it to you on level 5 of the Realm of Zot)

   Int:       It affects your intelligence (+5).
   rPois:     It protects you from poison.
   Stlth:     It makes you less stealthy.
 F - a +2 pair of gloves of archery (worn)
   (Okawaru gifted it to you on level 1 of the Depths)
 G - a +2 cloak of stealth (worn)
   (Okawaru gifted it to you on level 2 of the Elven Halls)
 W - the +2 hat of the Bear Spirit (worn) {Spirit, +Rage rN+ Will++}
   (You bought it in a shop on level 1 of the Orcish Mines)

   rN:        It protects you from negative energy.
   +Rage:     It lets you go berserk.
   Will:      It greatly increases your willpower.
Jewellery
 c - a ring of protection from cold
   (You found it on level 7 of the Dungeon)
 g - a ring of resist corrosion
   (You found it on level 5 of the Vaults)
 m - the amulet "Erghal" (around neck) {Reflect rF+ Int+3 Dex+4 SH+5}
   (You bought it in a shop on level 3 of the Vaults)

   [amulet of reflection]

   It reflects blocked missile attacks.
   Int:       It affects your intelligence (+3).
   Dex:       It affects your dexterity (+4).
   rF:        It protects you from fire.
   SH:        It affects your SH (+5).
 n - a +4 ring of protection (right hand)
   (You found it on level 6 of the Lair of Beasts)
 r - an amulet of regeneration
   (You found it on level 4 of the Shoals)
 s - a ring of see invisible
   (You took it off an orc on level 7 of the Dungeon)
 v - the ring of Zisumm {Drain rN+ Int+4 Dex+8}
   (You took it off a frost giant on level 5 of the Vaults)

   [ring of positive energy]

   Int:       It affects your intelligence (+4).
   Dex:       It affects your dexterity (+8).
   rN:        It protects you from negative energy.
   Drain:     It drains your maximum health when unequipped.
 L - the ring "Qiupiwn" {rF+ MP+9 Str+6 Int+3 Dex-5}
   (You found it on level 4 of the Shoals)

   [ring of strength]

   Str:       It affects your strength (+6).
   Int:       It affects your intelligence (+3).
   Dex:       It affects your dexterity (-5).
   rF:        It protects you from fire.
   MP:        It affects your magic capacity (+9).
 O - the ring "Bahuj" (left hand) {rElec rPois Will++ Int-4 Dex+3 Slay+4}
   (You bought it in a shop on level 1 of the Elven Halls)

   [ring of slaying]

   Int:       It affects your intelligence (-4).
   Dex:       It affects your dexterity (+3).
   Slay:      It affects your accuracy & damage with ranged weapons and melee
   (+4).
   rElec:     It insulates you from electricity.
   rPois:     It protects you from poison.
   Will:      It greatly increases your willpower.
 P - a ring of flight
   (You found it on level 2 of the Lair of Beasts)
Wands
 A - a wand of acid (67)
   (You found it on level 5 of the Dungeon)
 D - a wand of digging (6)
   (You found it on level 7 of the Dungeon)
 I - a wand of iceblast (78)
   (You found it on level 7 of the Dungeon)
Scrolls
 e - 12 scrolls of fog
 f - 2 scrolls of fear
 i - 2 scrolls of brand weapon
 j - 5 scrolls of silence
 o - a scroll of summoning
 p - 3 scrolls of holy word
 B - 6 scrolls of blinking
 M - 7 scrolls of magic mapping
 T - 7 scrolls of teleportation
Potions
 d - 3 potions of resistance
 l - 6 potions of flight
 q - 3 potions of berserk rage
 u - 4 potions of brilliance
 x - 3 potions of heal wounds
 C - 7 potions of magic
 E - 3 potions of invisibility
 H - a potion of haste
 J - 3 potions of might
 K - 6 potions of ambrosia
 Q - 25 potions of curing
 R - 4 potions of cancellation
 S - 3 potions of mutation
 X - 8 potions of attraction
Miscellaneous
 k - a phantom mirror
   (You found it on level 8 of the Dungeon)
 t - a lightning rod (4/4)
   (You found it on level 1 of the Depths)
 w - a condenser vane
   (You found it on level 3 of the Crypt)
 U - a phial of floods
   (You found it on level 4 of the Shoals)
 Y - a tin of tremorstones (2/2)
   (You found it on level 2 of the Crypt)


   Skills:
 O Level 27 Fighting
 - Level 5.0 Staves
 + Level 26.4 Crossbows
 + Level 20.6 Dodging
 - Level 7.0 Stealth
 - Level 4.0 Shields
 + Level 10.9 Spellcasting
 - Level 5.0 Hexes
 - Level 6.0 Translocations
 - Level 8.0 Transmutations
 - Level 8.0 Ice Magic
 - Level 12.0 Invocations
 - Level 5.0 Evocations


You had 36 spell levels left.
You knew the following spells:

 Your Spells              Type           Power      Damage    Failure   Level
a - Corona                Hex            23%        N/A       1%          1
b - Ozocubu's Armour      Ice            30%        N/A       1%          3
c - Portal Projectile     Hex/Tloc       46%        N/A       3%          3
d - Wereblood             Tmut           30%        N/A       1%          2
e - Slow                  Hex            21%        N/A       1%          2

Your spell library contained the following spells:

 Spells                   Type           Power      Damage    Failure   Level
 Beastly Appendage        Tmut           60%        N/A       1%          1
 Ensorcelled Hibernation  Hex/Ice        50%        N/A       1%          2
 Frozen Ramparts          Ice            60%        1d8       1%          3
 Gell's Gravitas          Tloc           12%        N/A       2%          3
 Teleport Other           Tloc           24%        N/A       2%          3
 Confusing Touch          Hex            21%        N/A       3%          3
 Tukima's Dance           Hex            21%        N/A       3%          3
 Ice Form                 Ice/Tmut       30%        N/A       3%          4
 Spider Form              Tmut/Pois      9%         N/A       5%          3
 Animate Skeleton         Necr           14%        N/A       10%         1
 Foxfire                  Conj/Fire      28%        2x1d5     10%         1
 Magic Dart               Conj           28%        1d4       10%         1
 Shock                    Conj/Air       28%        1d4       10%         1
 Summon Small Mammal      Summ           28%        N/A       10%         1
 Ignite Poison            Fire/Tmut/Pois 15%        N/A       10%         3
 Dazzling Flash           Conj/Hex       28%        N/A       11%         3
 Inner Flame              Hex/Fire       14%        N/A       11%         3
 Summon Guardian Golem    Hex/Summ       14%        N/A       11%         3
 Cause Fear               Hex            10%        N/A       12%         4
 Call Imp                 Summ           7%         N/A       14%         2
 Corpse Rot               Necr/Air       N/A        N/A       14%         2
 Poisonous Vapours        Pois/Air       14%        N/A       14%         2
 Sublimation of Blood     Necr           3%         N/A       14%         2
 Petrify                  Tmut/Erth      18%        N/A       19%         4
 Summon Ice Beast         Ice/Summ       18%        N/A       19%         4
 Metabolic Englaciation   Hex/Ice        12%        N/A       19%         5
 Yara's Violent Unravell  Hex/Tmut       12%        3d7       19%         5
 Call Canine Familiar     Summ           7%         N/A       28%         3
 Conjure Flame            Conj/Fire      7%         6-21      28%         3
 Mephitic Cloud           Conj/Pois/Air  7%         N/A       28%         3
 Stone Arrow              Conj/Erth      14%        3d7       28%         3
 Iskenderun's Mystic Bla  Conj/Tloc      16%        2d5       28%         4
 Fulminant Prism          Conj/Hex       7%         3d7       34%         4
 Leda's Liquefaction      Hex/Erth       7%         N/A       34%         4
 Alistair's Intoxication  Tmut/Pois      12%        N/A       45%         5
 Irradiate                Conj/Tmut      9%         3d16      45%         5
 Summon Forest            Summ/Tloc      8%         N/A       61%         5
 Freezing Cloud           Conj/Ice/Air   7%         6-21      65%         5
 Animate Dead             Necr           3%         N/A       67%         4
 Dispel Undead            Necr           7%         3d8       67%         4
 Sticky Flame             Conj/Fire      7%         2d3       67%         4
 Summon Mana Viper        Hex/Summ       14%        N/A       67%         5
 Dispersal                Tloc           12%        N/A       77%         6
 Bolt of Magma            Conj/Fire/Erth 3%         4d5       95%         5
 Borgnjor's Vile Clutch   Necr/Erth      3%         N/A       95%         5
 Excruciating Wounds      Necr           3%         N/A       95%         5
 Lee's Rapid Deconstruct  Erth           3%         3d6*      95%         5
 Eringya's Noxious Bog    Tmut/Pois      9%         N/A       96%         6
 Statue Form              Tmut/Erth      12%        N/A       96%         6
 Dragon Form              Tmut           15%        N/A       97%         7
 Conjure Ball Lightning   Conj/Air       3%         3x3d6     100%        6
 Death Channel            Necr           3%         N/A       100%        6
 Iron Shot                Conj/Erth      3%         9d2       100%        6
 Starburst                Conj/Fire      3%         8x6d3     100%        6
 Malign Gateway           Summ/Tloc      8%         N/A       100%        7
 Monstrous Menagerie      Summ           3%         N/A       100%        7
 Orb of Destruction       Conj           3%         9d1       100%        7
 Spellforged Servitor     Conj/Summ      3%         N/A       100%        7
 Summon Hydra             Summ           3%         N/A       100%        7
 Borgnjor's Revivificati  Necr           3%         N/A       100%        8
 Discord                  Hex            10%        N/A       100%        8
 Disjunction              Tloc           12%        N/A       100%        8
 Ignition                 Fire           3%         3d4       100%        8
 Summon Horrible Things   Summ           3%         N/A       100%        8
 Chain Lightning          Conj/Air       3%         3d4       100%        9
 Dragon's Call            Summ           3%         N/A       100%        9
 Fire Storm               Conj/Fire      3%         8d1       100%        9
 Shatter                  Erth           3%         3d7*      100%        9


Dungeon Overview and Level Annotations

Branches:
Dungeon (15/15)            Temple (1/1) D:6            Lair (6/6) D:10
 Shoals (4/4) Lair:3       Spider (4/4) Lair:3        Slime (0/5) Lair:5
    Orc (2/2) D:12            Elf (3/3) Orc:2        Vaults (5/5) D:14
  Crypt (3/3) Vaults:2       Tomb (0/3) Crypt:3      Depths (5/5) D:15
    Zot (5/5) Depths:5      IceCv (visited)         Volcano (visited)

Altars:
Ashenzari
Fedhas
Gozag
Kikubaaqudgha
Nemelex Xobeh
Okawaru
Qazlal
Ru
Sif Muna
Trog
Uskayaw
Vehumet
Wu Jian
Xom
Yredelemnul
Beogh
Jiyva

Shops:
D:2 !   D:10 [   D:11 ?   D:12 ?   Orc:1 [   Orc:2 *[(!   Elf:1 :=:
Vaults:1 *   Vaults:2 *   Vaults:3 ?=!

Portals:
Hell: Depths:1 Depths:2 Depths:3 Depths:4 Depths:5
Abyss: Depths:4
Pandemonium: Depths:1 Depths:3
Ziggurat: Depths:5

Annotations:
D:2 ogre
Elf:1 2 transporterswater area, krigyl's ghost, journeyman TrSu
Zot:4 exclusion: 3 lightning spires
Zot:5 1 runed translucent door, 3 exclusions, reasonance's ghost, legendary DsFi


Innate Abilities, Weirdness & Mutations

You can breathe blasts of noxious fumes.
Your lurid green scales are hard. (AC +13)
You cannot fit into any form of body armour.
Your tail ends in a poisonous barb.
Your system is resistant to poisons. (rPois)
You are cold-blooded and may be slowed by cold attacks.
You have sharp toenails.
Your flesh is cold resistant. (rC+)
You are frail. (-10% HP)
Your magical capacity is extremely low. (-30% MP)
You are weak. (Str -2)
Potions cannot restore your health.


Message History

(D) Dungeon (T) Temple (L) Lair (A) Shoals (N) Spider Nest (M) Slime Pits (O) Orcish Mines (E) Elven Halls (V) Vaults (C) Crypt (W) Tomb (U) Depths (H) Hell (Z) Zot
Where to? (Enter - D:1, ? - help)
There is an open door here.
There is an escape hatch in the ceiling here.
You see here a +0 trident.
There is a stone staircase leading up here.
You climb upwards.
There is a stone staircase leading down here.
Unknown command.
(D) Dungeon (T) Temple (L) Lair (A) Shoals (N) Spider Nest (M) Slime Pits (O) Orcish Mines (E) Elven Halls (V) Vaults (C) Crypt (W) Tomb (U) Depths (H) Hell (Z) Zot
Where to? (Enter - D:11, ? - help)
There is an entrance to Okyfoet's Magic Scroll Boutique here.
There is a stone staircase leading up here.
You climb upwards.
There is a stone staircase leading down here.
(D) Dungeon (T) Temple (L) Lair (A) Shoals (N) Spider Nest (M) Slime Pits (O) Orcish Mines (E) Elven Halls (V) Vaults (C) Crypt (W) Tomb (U) Depths (H) Hell (Z) Zot
Where to? (Enter - D:10, ? - help)
Things that are here:
3 stones; a +0 short sword
There is a stone staircase leading down here.
You see here a +0 leather armour.
Qidoafoh comes into view. It is armed with an antimagic touch.
You feel yourself speed up. Qidoafoh gestures at you.
The bolt of fire misses you.
A lich comes into view.
There is a stone staircase leading up here.
Qidoafoh gestures at you. The bolt of fire misses you.
You climb upwards.
There is a stone staircase leading down here.
(D) Dungeon (T) Temple (L) Lair (A) Shoals (N) Spider Nest (M) Slime Pits (O) Orcish Mines (E) Elven Halls (V) Vaults (C) Crypt (W) Tomb (U) Depths (H) Hell (Z) Zot
Where to? (Enter - D:9, ? - help)
Okay, then.
There is an escape hatch in the ceiling here.
A mysterious force pulls you upwards. The hatch slams shut behind you.
There is an open door here.
There is an open door here.
There is an open door here.
There is a stone staircase leading up here.
You climb upwards.
There is a stone staircase leading down here.
Your extra speed is starting to run out.
There is a stone staircase leading up here.
You climb upwards.
There is a stone staircase leading down here.
Aiming: Dig
Press: ? - help, Shift-Dir - straight line A rock wall.
This square is covered in magical glow.
The rock shatters into small pieces.
You feel yourself slow down.
There is a stone staircase leading up here.
You climb upwards.
There is a stone staircase leading down here.
An Orb Guardian comes into view.
There is an open door here.
You shoot a bolt. The bolt hits the Orb Guardian!!
The bolt freezes the Orb Guardian!
The Orb Guardian is heavily wounded.
You shoot a bolt.
The bolt completely misses the Orb Guardian.
You shoot a bolt. The bolt hits the Orb Guardian!
The bolt freezes the Orb Guardian.
The Orb Guardian is heavily wounded.
You shoot a bolt. The bolt hits the Orb Guardian!
The bolt freezes the Orb Guardian.
The Orb Guardian is severely wounded.
The Orb Guardian completely misses you.
You shoot a bolt. The bolt hits the Orb Guardian.
The bolt freezes the Orb Guardian.
The Orb Guardian is almost dead.
The Orb Guardian closely misses you. The Orb Guardian misses you.
You shoot a bolt. The bolt hits the Orb Guardian!!
The bolt freezes the Orb Guardian.
You kill the Orb Guardian!
Okawaru accepts your kill.
You open the door.
There is an open door here.
You open the door.
There is an open door here.
There is a stone staircase leading up here.
You climb upwards.
There is a stone staircase leading down here.
Okay, then.
There is a stone staircase leading up here.
You climb upwards.
There is a stone staircase leading down here.
You feel yourself speed up.
There is a stone staircase leading up here.
You climb upwards.
Level annotation: ogre
There is a stone staircase leading down here.
There is an open door here.
Aiming: Dig
Press: ? - help, Shift-Dir - straight line This square is covered in magical glow.
The rock shatters into small pieces.
Your extra speed is starting to run out.
There is a stone staircase leading up, spattered with blood here.
You feel yourself slow down.
You climb upwards.
There is a stone staircase leading down here.
You feel yourself speed up.
Unknown command.
There is an open door here.
Aiming: Dig
Press: ? - help, Shift-Dir - straight line A rock wall.
This square is covered in magical glow.
The rock shatters into small pieces.
A ynoxinul comes into view.
Aiming: Dig
Press: ? - help, Shift-Dir - straight line A rock wall.
This square is covered in magical glow.
The rock shatters into small pieces.
An Orb Guardian comes into view.
There is a staircase leading out of the dungeon here.
You shoot a bolt. The bolt hits the Orb Guardian!!
The bolt freezes the Orb Guardian!
The Orb Guardian is heavily wounded.
Unknown command.
You shoot a bolt.
The bolt barely misses the Orb Guardian.
You shoot a bolt.
The bolt closely misses the Orb Guardian.
You shoot a bolt. The bolt hits the Orb Guardian!!!
The bolt freezes the Orb Guardian.
You kill the Orb Guardian!
Okawaru accepts your kill.
You shoot a bolt. The bolt hits the ynoxinul!!
The bolt freezes the ynoxinul.
The ynoxinul is almost dead.
You shoot a bolt. The bolt hits the ynoxinul!
The bolt freezes the ynoxinul.
You kill the ynoxinul!
Okawaru accepts your kill.
No target in view!
You have escaped!

#..#.#>#.#.#.##..##.# #.
#..#.###.#......###.######
#.....#.....##### #....#
#....###....# ####.#
#..### ###..# #.# #...##
##..# #.### #..#.#
##>..##########.#.. #..>##
#...(((.(.....3.'.. ##.##
##@.#############.. #.###
###.# #.. #...###...# #..
#....#†...# #..
#.#.###.#.# #..
#.#.#>#.#.# #..
#.........# #..
########### ###


There were no monsters in sight!

Vanquished Creatures
  3 dread liches
  6 ancient liches
  9 orbs of fire
  Mara (Depths:3)
  Boris (Depths:5)
  Bai Suzhen (Spider:3)
  Saint Roka (Vaults:1)
  2 Killer Klowns (Zot:5)
  Xtahua (Vaults:5)
  4 curse toes
  A profane servitor (Crypt:3)
  9 golden dragons
  Nikola (Depths:1)
  Arachne (Spider:4)
  Jory (Crypt:2)
  A bone dragon (Crypt:3)
  3 electric golems
  15 tentacled monstrosities
  Rupert (D:15)
  Jorgrun (Elf:2)
  3 liches
  2 Hell Sentinels
  25 Orb Guardians
  4 titans (Vaults:5)
  6 quicksilver dragons
  An Executioner (D:14)
  Frances (D:14)
  Kirke (Shoals:1)
  9 death cobs
  6 sphinxes
  2 krakens (Shoals:1)
  Donald (Elf:2)
  10 tengu reavers
  The ghost of XxsatanxX the Slayer, an adept MiFi of Hepliaklqana (Spider:1)
  The ghost of sangerfol the Warrior, an adept FoFi of Hepliaklqana (Shoals:1)
  15 storm dragons
  A draconian monk (Zot:5)
  The ghost of Witt the Fighter, an adept GrFi of Ashenzari (Shoals:3)
  10 shadow dragons
  14 fire giants
  A revenant (Crypt:2)
  Ilsuiw (Shoals:2)
  3 iron dragons
  4 draconian knights
  7 ghost moths
  11 frost giants
  4 emperor scorpions
  2 orc warlords
  9 deep elf sorcerers
  5 draconian scorchers
  Louise (D:15)
  10 vault wardens
  A cacodemon (Depths:3)
  2 curse skulls (Crypt:3)
  3 draconian shifters
  5 spriggan defenders
  The ghost of Yjeari the Unseen, a journeyman GrMo of Gozag (Lair:3)
  15 ironbound preservers
  9 ghouls (Crypt:3)
  21 very ugly things
  16 stone giants
  A war gargoyle (Vaults:5)
  3 draconian annihilators
  6 deep elf demonologists
  8 entropy weavers
  4 vampire knights
  9 green draconians
  3 black draconians (Zot:3)
  3 spark wasps
  6 purple draconians
  8 white draconians
  5 red draconians
  2 deep elf annihilators
  7 dire elephants
  11 yellow draconians
  8 merfolk javelineers
  20 ettins
  4 deep elf death magi (Elf:3)
  10 eidola
  9 merfolk impalers
  A mummy priest (Crypt:3)
  A quicksilver dragon zombie (Crypt:3)
  3 deep elf high priests
  A jiangshi (Crypt:2)
  12 fire dragons
  7 rakshasas
  9 great orbs of eyes
  A boulder beetle (shapeshifter) (Vaults:5)
  14 yaktaur captains
  A hydra (shapeshifter) (Vaults:4)
  An alligator snapping turtle (Shoals:4)
  7 hydras
  Harold (D:6)
  9 ice dragons
  8 boulder beetles
  2 ogre magi (Vaults:5)
  7 spriggan air magi
  The ghost of sasquatch the Severer, a journeyman MiBe of Trog (Lair:2)
  2 merfolk avatars
  The ghost of Rallik the Wallflower, a journeyman DjCj of Uskayaw (D:10)
  7 ironbound thunderhulks
  37 vault guards
  A fenstrider witch zombie (Crypt:3)
  3 satyrs
  3 centaur warriors
  3 tengu warriors
  5 death knights
  6 ironbound frosthearts
  10 deep troll earth magi
  Urug (Lair:5)
  8 merfolk aquamancers
  11 deep troll shamans
  11 two-headed ogres
  11 death yaks
  3 ironbound beastmasters
  35 dancing weapons
  10 spriggan berserkers
  8 vampire magi
  2 soul eaters (Depths:3)
  2 sun demons (Depths:1)
  11 hell knights
  A shadow wraith (Crypt:2)
  A spectral dire elephant (Lair:6)
  6 orc high priests
  4 iron trolls
  22 deep elf knights
  2 salamander mystics (Depths:1)
  The ghost of Laummuim the Gouger, a journeyman FeFi of Fedhas (Lair:4)
  A spectral anaconda (Lair:6)
  20 skeletal warriors
  5 glowing orange brains
  A sixfirhy (Depths:3)
  9 sea snakes
  52 deep trolls
  3 obsidian statues
  7 flayed ghosts
  A shadow demon (Depths:4)
  16 wizards
  5 bog bodies (IceCv)
  26 deep elf archers
  20 ironbound convokers
  4 lindwurms
  2 wolf spider zombies (Crypt:3)
  4 tengu skeletons
  34 deep elf pyromancers
  20 phantasmal warriors
  15 orc knights
  2 lindwurms (shapeshifter) (Vaults:5)
  4 orc sorcerers
  13 orb spiders
  3 oklob plants
  29 harpies
  An iron dragon zombie (Crypt:2)
  9 necromancers
  29 wolf spiders
  4 cyclopes
  34 ugly things
  25 deep elf zephyrmancers
  13 manticores
  A frost giant zombie (Vaults:5)
  A stone giant zombie (Crypt:3)
  19 fauns
  5 salamanders (Depths:1)
  A shining eye (shapeshifter) (Depths:3)
  A sphinx skeleton (Vaults:2)
  A shadow dragon skeleton (Crypt:1)
  3 fire giant skeletons (Vaults:2)
  7 merfolk sirens
  17 elephants
  A dire elephant zombie (Crypt:3)
  22 moths of wrath
  19 vault sentinels
  5 black mambas
  4 gargoyles
  2 ice statues (Spider:4)
  5 water nymphs
  A molten gargoyle (Depths:4)
  6 torpor snails
  14 cane toads
  6 smoke demons
  An elf zombie (Vaults:3)
  3 orange demons
  A spriggan zombie (Depths:2)
  Maggie (D:6)
  A kobold demonologist (D:13)
  6 rime drakes
  22 freezing wraiths
  13 komodo dragons
  21 yaktaurs
  17 demonic crawlers
  A hellion (Depths:1)
  A hellwing (Depths:3)
  9 tengu conjurers
  An ice devil (IceCv)
  2 entropy weaver simulacra (IceCv)
  2 guardian mummies (Crypt:3)
  2 yaktaur skeletons (Vaults:2)
  2 red devils (Depths:3)
  An elf skeleton (Vaults:2)
  A minotaur zombie (Crypt:1)
  4 anaconda simulacra (IceCv)
  2 hydra zombies
  7 trolls
  28 jumping spiders
  A merfolk (shapeshifter) (Vaults:5)
  52 merfolk
  8 wind drakes
  28 hornets
  A tengu simulacrum (Depths:2)
  43 blink frogs
  14 snapping turtles
  29 slime creatures
  4 dream sheep (Shoals:2)
  3 ettin zombies
  Grinder (D:6)
  2 fire dragon zombies (Crypt:3)
  A meliai zombie (D:11)
  A snapping turtle (shapeshifter) (Vaults:5)
  An alligator zombie (Crypt:3)
  7 spriggans
  3 shadows
  37 tarantellas
  A black mamba zombie (Crypt:3)
  4 vampires
  83 redbacks
  7 air elementals
  6 wyverns
  Sigmund (D:4)
  A tarantella (shapeshifter) (Vaults:3)
  2 ettin skeletons
  2 ynoxinuls
  4 basilisks
  19 water elementals
  12 wraiths
  3 dire elephant simulacra (IceCv)
  50 yaks
  A golden eye (shapeshifter) (D:14)
  A fire elemental (Elf:3)
  2 hogs (Shoals:1)
  14 vampire mosquitoes
  4 steam dragons
  2 harpy simulacra (IceCv)
  2 wargs (shapeshifter) (Depths:2)
  2 wargs
  A gelid demonspawn zombie (Crypt:2)
  2 acid dragons
  2 minotaur simulacra (IceCv)
  An infernal demonspawn zombie (Crypt:1)
  2 swamp worms (shapeshifter)
  9 water moccasins
  2 cane toad zombies
  A floating eye (shapeshifter) (Vaults:5)
  4 hydra simulacra (IceCv)
  A floating eye (Depths:3)
  2 hell hounds (Volcano)
  Duvessa (D:4)
  44 orc warriors
  A snapping turtle zombie (Crypt:3)
  An ice beast (shapeshifter) (Vaults:5)
  An ice beast (D:4)
  A swamp dragon zombie (Crypt:3)
  A black mamba simulacrum (Lair:4)
  A black bear (D:5)
  5 alligator simulacra (IceCv)
  A manticore zombie (Crypt:2)
  A sky beast (D:6)
  13 necrophages (Crypt:3)
  8 ogres
  25 wolves
  5 human skeletons
  A phantom (Crypt:3)
  10 centaurs
  2 rime drake zombies (Crypt:2)
  An octopode zombie (Crypt:1)
  4 kobold brigands
  Blork the orc (D:6)
  2 wyvern zombies
  11 bullfrogs
  2 gnoll sergeants
  A deep troll simulacrum (IceCv)
  A water moccasin zombie (Crypt:1)
  A glowing shapeshifter simulacrum (Depths:2)
  7 earth elementals
  6 scorpions
  4 cane toad simulacra
  7 wyvern skeletons (Crypt:3)
  Dowan (D:4)
  A dream sheep simulacrum (Lair:4)
  3 lindwurm simulacra (IceCv)
  13 wights
  8 electric eels
  3 vampire bats
  A torpor snail simulacrum (Lair:4)
  8 howler monkeys
  A bullfrog zombie (D:6)
  4 centaur zombies
  A hound (D:4)
  4 jellies
  A komodo dragon simulacrum (Lair:4)
  34 orc priests
  Crazy Yiuf (D:7)
  A gnoll shaman (D:6)
  Jessica (D:3)
  3 iguanas
  An iguana (shapeshifter) (Depths:5)
  15 orc wizards
  A killer bee zombie (D:3)
  A sky beast zombie (Crypt:1)
  A dwarf skeleton (Crypt:1)
  2 hound skeletons (D:4)
  2 mummies
  A howler monkey zombie (D:9)
  9 gnolls
  5 adders
  A shadow imp (D:6)
  A white imp (D:8)
  2 ufetubi (D:5)
  A lava snake skeleton (Crypt:2)
  7 worms
  A dart slug (D:5)
  86 orcs
  3 bat skeletons (Depths:1)
  3 bat zombies (Depths:1)
  12 endoplasms
  A giant cockroach (D:1)
  8 hobgoblins
  2 jackals (D:3)
  22 kobolds
  4 quokkas
  10 ball pythons
  A ball python skeleton (Crypt:2)
  14 bats
  4 frilled lizards
  6 goblins
  A kobold zombie (Crypt:1)
  A quokka skeleton (Crypt:2)
  4 rats
  6 tentacles (Shoals:1)
2434 creatures vanquished.

Vanquished Creatures (collateral kills)
  Sojobo (Depths:1)
1 creature vanquished.

Vanquished Creatures (others)
  2 draconian knights
  A draconian stormcaller (Zot:5)
  2 merfolk aquamancers (Shoals:1)
  A shock serpent (Zot:4)
  3 deep elf knights
  A deep elf archer (Elf:1)
  An elephant (Lair:6)
  A merfolk (Shoals:1)
  2 water elementals (Elf:1)
  A spriggan (Depths:3)
  A human (Shoals:1)
  A gnoll (D:10)
  A ball lightning (Zot:5)
  31 fungi
  244 plants
  55 tentacles
  48 withered plants
396 creatures vanquished.

Grand Total: 2831 creatures vanquished

Notes
Turn   | Place    | Note
-------+----------+-------------------------------------------
     0 | D:1      | mdonais the Draconian Arcane Marksman began the quest for
                  | the Orb.
     0 | D:1      | Reached XP level 1. HP: 16/16 MP: 2/2
   141 | D:1      | Reached XP level 2. HP: 19/24 MP: 3/3
   262 | D:1      | Reached skill level 2 in Fighting
  1165 | D:2      | Reached XP level 3. HP: 30/30 MP: 4/4
  1179 | D:2      | Learned a level 2 spell: Slow
  1338 | D:2      | Found Tocyd's Distillery.
  2138 | D:3      | Reached skill level 3 in Fighting
  2138 | D:3      | Reached XP level 4. HP: 9/38 MP: 1/5
  2529 | D:3      | Found a faded altar of an unknown god.
  2650 | D:3      | Noticed an ogre
  3090 | D:3      | Found an iron altar of Okawaru.
  3092 | D:3      | Found a sparkling altar of Nemelex Xobeh.
  3124 | D:3      | Became a worshipper of Warmaster Okawaru
  3152 | D:3      | Noticed Jessica
  3183 | D:3      | Killed Jessica
  3414 | D:3      | Reached skill level 1 in Invocations
  3414 | D:3      | Reached XP level 5. HP: 43/46 MP: 6/6
  3451 | D:3      | Reached skill level 4 in Fighting
  3626 | D:2      | Bought a potion of haste for 140 gold pieces
  3739 | D:4      | Reached XP level 6. HP: 50/53 MP: 7/7
  4083 | D:4      | Reached * piety under Okawaru
  4177 | D:4      | Noticed Dowan
  4562 | D:4      | Noticed Duvessa
  4572 | D:4      | Noticed a fire elemental
  4575 | D:4      | Noticed an air elemental
  4611 | D:5      | Entered Level 5 of the Dungeon
  4621 | D:5      | Noticed an ice beast
  4732 | D:4      | Killed an ice beast
  4733 | D:4      | Reached skill level 5 in Fighting
  4978 | D:5      | Your scales start taking on a lurid green colour.
  4978 | D:5      | Reached XP level 7. HP: 61/61 MP: 7/9
  4978 | D:5      | Gained mutation: Your system is resistant to poisons.
                  | (rPois) [Green Draconian growth]
  5039 | D:5      | Found a sacrificial altar of Ru.
  5352 | D:5      | Found a bloodstained altar of Trog.
  5384 | D:5      | Reached skill level 6 in Fighting
  5598 | D:5      | Reached skill level 5 in Crossbows
  5954 | D:2      | Reached skill level 1 in Evocations
  6357 | D:2      | Found Tocyd's Distillery.
  6365 | D:2      | Bought a potion of curing for 42 gold pieces
  6365 | D:2      | Bought a potion of degeneration for 14 gold pieces
  6704 | D:6      | Noticed Maggie
  6726 | D:6      | Killed Maggie
  6727 | D:6      | Reached XP level 8. HP: 51/71 MP: 7/11
  6828 | D:6      | Reached ** piety under Okawaru
  6850 | D:6      | Noticed Blork the orc
  6867 | D:5      | Reached skill level 7 in Fighting
  6938 | D:6      | Found a staircase to the Ecumenical Temple.
  6949 | Temple   | Entered the Ecumenical Temple
  7841 | D:6      | Noticed Grinder
  7848 | D:6      | Killed Blork the orc
  7852 | D:6      | Killed Grinder
  7853 | D:6      | Reached XP level 9. HP: 81/81 MP: 9/12
  7925 | D:6      | Reached skill level 8 in Fighting
  8029 | D:6      | Reached *** piety under Okawaru
  8095 | D:6      | Found a staircase to the Ecumenical Temple.
  9133 | D:7      | Noticed a cyclops
  9142 | D:7      | Killed a cyclops
  9143 | D:7      | Reached skill level 9 in Fighting
  9308 | D:7      | You fall into a shaft and drop 3 floors!
  9308 | D:10     | Entered Level 10 of the Dungeon
  9317 | D:10     | Noticed a komodo dragon
  9343 | D:10     | Found Xochadwoor's Antique Armour Emporium.
  9367 | D:10     | Reached skill level 10 in Fighting
  9437 | D:10     | Noticed a two-headed ogre
  9497 | D:10     | Received a gift from Okawaru
  9497 | D:10     | Reached **** piety under Okawaru
  9505 | D:10     | Reached XP level 10. HP: 64/92 MP: 6/14
  9650 | D:10     | Killed a two-headed ogre
  9650 | D:10     | Received a gift from Okawaru
  9885 | D:10     | Found a transporter.
  9926 | D:10     | Found a transporter.
 10067 | D:10     | Noticed Rallik's ghost (journeyman DjCj)
 10127 | D:9      | Reached skill level 5 in Dodging
 10477 | D:8      | Received a gift from Okawaru
 10688 | D:8      | Noticed a six-headed hydra
 10711 | D:8      | Killed a six-headed hydra
 10712 | D:8      | Reached skill level 11 in Fighting
 10712 | D:8      | Reached skill level 5 in Hexes
 10948 | D:8      | Found a shimmering altar of Xom.
 11559 | D:7      | Noticed Harold
 11647 | D:6      | Killed Harold
 11647 | D:6      | Reached ***** piety under Okawaru
 11925 | D:7      | Found a hide-covered altar of Uskayaw.
 11951 | D:7      | Found a runed translucent door.
 11952 | D:7      | Noticed Crazy Yiuf
 12098 | D:7      | Killed Crazy Yiuf
 12507 | D:8      | Found a broken altar of Ashenzari.
 12507 | D:8      | Found an opulent altar of Gozag.
 12696 | D:10     | Bought a slimy buckler for 275 gold pieces
 12696 | D:10     | Identified the +3 buckler "Dexuotze" {Dex+6} (You bought it
                  | in a shop on level 10 of the Dungeon)
 13022 | D:4      | Killed Dowan
 13023 | D:4      | Reached XP level 11. HP: 104/104 MP: 15/15
 13025 | D:4      | Noticed Sigmund
 13035 | D:4      | Killed Duvessa
 13036 | D:4      | Reached skill level 1 in Shields
 13040 | D:4      | Killed Sigmund
 13041 | D:4      | Found a stormy altar of Qazlal.
 13305 | D:9      | Learned a level 3 spell: Portal Projectile
 13310 | D:9      | Found a blossoming altar of Fedhas.
 13482 | D:9      | Noticed a centaur warrior
 13483 | D:9      | Noticed a two-headed ogre
 13488 | D:9      | Found a runed translucent door.
 13576 | D:9      | Found a shimmering blue altar of Sif Muna.
 13678 | D:9      | Found an ornate altar of the Wu Jian Council.
 13956 | D:10     | Received a gift from Okawaru
 14090 | D:10     | Found a staircase to the Lair.
 14349 | D:11     | Reached skill level 1 in Translocations
 14461 | D:11     | Found Okyfoet's Magic Scroll Boutique.
 14593 | D:11     | Noticed a two-headed ogre
 14617 | D:10     | Killed a two-headed ogre
 14618 | D:10     | Reached skill level 12 in Fighting
 14988 | D:11     | Noticed a cyan ugly thing
 15002 | D:11     | Killed a cyan ugly thing
 15259 | D:11     | Noticed a two-headed ogre
 15281 | D:11     | Killed a two-headed ogre
 15282 | D:11     | Reached skill level 5 in Invocations
 15662 | Lair:1   | Entered Level 1 of the Lair of Beasts
 16215 | Lair:1   | Received a gift from Okawaru
 16550 | Lair:1   | Noticed an eight-headed hydra
 16584 | Lair:1   | Killed an eight-headed hydra
 16855 | Lair:1   | Reached XP level 12. HP: 112/112 MP: 16/16
 16893 | Lair:1   | Received a gift from Okawaru
 17505 | Lair:2   | Noticed a four-headed hydra
 17511 | Lair:2   | Killed a four-headed hydra
 17512 | Lair:2   | Reached skill level 10 in Crossbows
 17552 | Lair:2   | Received a gift from Okawaru
 17589 | Lair:2   | Reached skill level 1 in Stealth
 17979 | Lair:2   | Received a gift from Okawaru
 18024 | Lair:2   | Found a large runed translucent door.
 18024 | Lair:2   | Found a large runed translucent door.
 18025 | Lair:2   | Noticed sasquatch's ghost (journeyman MiBe)
 18095 | Lair:2   | Noticed a death yak
 18095 | Lair:2   | Noticed a death yak
 18134 | Lair:2   | Killed a death yak
 18274 | Lair:2   | Noticed a death yak
 18293 | Lair:2   | Noticed a death yak
 18327 | Lair:2   | Killed a death yak
 18343 | Lair:2   | Killed a death yak
 18394 | Lair:2   | Killed a death yak
 18949 | Lair:3   | Reached skill level 5 in Evocations
 18984 | Lair:3   | Found a staircase to the Shoals.
 19137 | Lair:3   | Found a hole to the Spider Nest.
 19171 | Lair:3   | Noticed an eight-headed hydra
 19172 | Lair:3   | Noticed a death yak
 19173 | Lair:3   | Noticed Yjeari's ghost (journeyman GrMo)
 19174 | Lair:3   | Found a transporter.
 19175 | Lair:3   | Found a transporter.
 20222 | Lair:3   | Reached skill level 13 in Fighting
 20265 | Lair:3   | Identified the +2 arbalest "Kuluprap" {elec, rF+ rC++
                  | Int-4} (Okawaru gifted it to you on level 3 of the Lair of
                  | Beasts)
 20265 | Lair:3   | Received a gift from Okawaru
 20300 | Lair:3   | Reached skill level 5 in Stealth
 20880 | Lair:3   | Reached XP level 13. HP: 107/122 MP: 18/18
 21736 | Lair:3   | Reached skill level 14 in Fighting
 22090 | Lair:4   | Reached ****** piety under Okawaru
 22249 | Lair:4   | Noticed Laummuim's ghost (journeyman FeFi)
 22276 | Lair:4   | Identified the +8 arbalest "Duex" {vorpal, rPois rN+ Dex+2}
                  | (Okawaru gifted it to you on level 4 of the Lair of Beasts)
 22276 | Lair:4   | Received a gift from Okawaru
 22387 | Lair:4   | Identified the ring "Odasiwax" {rPois rN+ Will+}
 22612 | Lair:4   | Found a transporter.
 22613 | Lair:4   | Found a transporter.
 22650 | Lair:4   | Found a runed translucent gate.
 22650 | Lair:4   | Found a runed translucent gate.
 22650 | Lair:4   | Found a runed translucent gate.
 23328 | Lair:4   | Received a gift from Okawaru
 23337 | Lair:4   | Killed Laummuim's ghost
 23855 | D:12     | Found a staircase to the Orcish Mines.
 24156 | D:12     | Found a portal to a secret trove of treasure.
 24160 | D:12     | Received a gift from Okawaru
 24201 | D:12     | Found Zuinyuff's Magic Scroll Shop.
 24294 | D:12     | Identified the +4 ring mail "Faytumehiwk" {Drain rF+ Will-
                  | Dex+8}
 24554 | D:12     | Received a gift from Okawaru
 24705 | Orc:1    | Entered Level 1 of the Orcish Mines
 24809 | Orc:1    | Found a dark tunnel.
 24818 | Volcano  | Entered a volcano
 25164 | Volcano  | Gained mutation: Your tail ends in a poisonous barb. [Green
                  | Draconian growth]
 25164 | Volcano  | Reached XP level 14. HP: 132/132 MP: 19/19
 25458 | Orc:1    | Found Xifuh's Armour Emporium.
 25480 | Orc:1    | Bought the +2 hat of the Bear Spirit {Spirit, +Rage rN+
                  | Will++} for 469 gold pieces
 25480 | Orc:1    | Found the +2 hat of the Bear Spirit {Spirit, +Rage rN+
                  | Will++}
 25607 | Orc:1    | Received a gift from Okawaru
 25832 | Orc:1    | Reached skill level 1 in Staves
 25969 | Orc:2    | Entered Level 2 of the Orcish Mines
 26671 | Orc:2    | Gained mutation: You sometimes lose the ability to read
                  | scrolls when taking damage. [a neqoxec]
 26841 | Orc:2    | Received a gift from Okawaru
 27192 | Orc:2    | Found a staircase to the Elven Halls.
 27262 | Orc:2    | Found Moxod's Distillery.
 27262 | Orc:2    | Found Ixuoto's Weapon Boutique.
 27263 | Orc:2    | Found Xotu's Antique Armour Shop.
 27263 | Orc:2    | Found Buemmoh's General Store.
 27277 | Orc:2    | Bought a pair of faintly humming gloves for 313 gold pieces
 27277 | Orc:2    | Identified the +0 pair of gloves of Midwinter {Harm Int+2
                  | Stlth+} (You bought it in a shop on level 2 of the Orcish
                  | Mines)
 27540 | Lair:5   | Noticed Urug
 27562 | Lair:5   | Received a gift from Okawaru
 27597 | Lair:5   | Killed Urug
 27598 | Lair:5   | Reached skill level 5 in Translocations
 28501 | Lair:5   | Found a viscous altar of Jiyva.
 28501 | Lair:5   | Found a staircase to the Slime Pits.
 28575 | Lair:5   | Received a gift from Okawaru
 28577 | Lair:5   | Reached skill level 15 in Fighting
 29017 | Lair:6   | Entered Level 6 of the Lair of Beasts
 29391 | D:12     | Bought a scroll of acquirement for 780 gold pieces
 29391 | D:12     | Acquired the ring "Lorhech" {rF+ MP+9 Str-2 Int+5}
 29729 | Lair:6   | Reached XP level 15. HP: 130/141 MP: 21/21
 29921 | Lair:6   | Lost mutation: You sometimes lose the ability to read
                  | scrolls when taking damage. [potion of mutation]
 29921 | Lair:6   | Gained mutation: Your natural rate of healing is unusually
                  | fast. [potion of mutation]
 29921 | Lair:6   | Gained mutation: You sometimes lose the ability to read
                  | scrolls when taking damage. [potion of mutation]
 29921 | Lair:6   | Gained mutation: You have sharp toenails. [potion of
                  | mutation]
 30166 | Lair:6   | Received a gift from Okawaru
 30204 | Lair:6   | Reached skill level 5 in Spellcasting
 30213 | Lair:6   | Identified the ring "Zedwi" {Wiz Drain Str+4 Int+4}
 30370 | Lair:6   | Received a gift from Okawaru
 30724 | Lair:6   | Reached skill level 15 in Crossbows
 31704 | Orc:2    | Bought a potion of heal wounds for 85 gold pieces
 31843 | D:9      | Reached skill level 16 in Fighting
 31925 | D:10     | Killed Rallik's ghost
 32091 | Lair:2   | Killed sasquatch's ghost
 32202 | Lair:3   | Killed Yjeari's ghost
 32609 | D:13     | Received a gift from Okawaru
 32919 | D:14     | Received a gift from Okawaru
 33015 | D:14     | Noticed Frances
 33026 | D:14     | Killed Frances
 33108 | D:14     | Reached XP level 16. HP: 152/152 MP: 25/25
 33248 | D:14     | Found a gate to the Vaults.
 33685 | D:15     | Entered Level 15 of the Dungeon
 33726 | D:15     | Found a radiant altar of Vehumet.
 33731 | D:15     | Noticed Louise
 33752 | D:15     | Killed Louise
 33873 | D:15     | Noticed Rupert
 33882 | D:15     | Killed Rupert
 33883 | D:15     | Reached skill level 17 in Fighting
 33939 | D:15     | Found a hide-covered altar of Uskayaw.
 34348 | D:15     | Found a staircase to the Depths.
 34353 | D:15     | Identified the +9 lajatang of Tiebir {vorpal, rElec Str-3
                  | Dex+4 Stlth+} (Okawaru gifted it to you on level 15 of the
                  | Dungeon)
 34353 | D:15     | Received a gift from Okawaru
 34697 | Spider:1 | Entered Level 1 of the Spider Nest
 34811 | Spider:1 | Found a runed translucent door.
 35006 | Spider:1 | Noticed XxsatanxX's ghost (adept MiFi)
 35019 | Spider:1 | Identified the +1 leather armour of the Harvest {rF++ MP-9
                  | Int+4}
 35053 | Spider:1 | Killed XxsatanxX's ghost
 35058 | Spider:1 | Identified the -4 pair of boots of Vukuw {Harm}
 35717 | Spider:1 | Reached skill level 5 in Staves
 35901 | Spider:1 | Received a gift from Okawaru
 36169 | Spider:2 | Received a gift from Okawaru
 36170 | Spider:2 | Reached skill level 18 in Fighting
 36582 | Spider:2 | Received a gift from Okawaru
 37032 | Spider:3 | Identified the +1 hat of Proximity {Dex+2 SInv} (Okawaru
                  | gifted it to you on level 3 of the Spider Nest)
 37032 | Spider:3 | Received a gift from Okawaru
 37039 | Spider:3 | Reached XP level 17. HP: 142/166 MP: 20/26
 37389 | Spider:3 | Noticed Bai Suzhen
 37406 | Spider:3 | Killed Bai Suzhen
 37767 | Spider:3 | Found the +2 hood of the Assassin {Detection Stab+ Stlth++}
 37886 | Spider:4 | Entered Level 4 of the Spider Nest
 37895 | Spider:4 | Found a frozen archway.
 37911 | Spider:3 | HP: 1/166 [wolf spider (16)]
 38208 | IceCv    | Entered an ice cave
 38451 | IceCv    | Reached skill level 19 in Fighting
 38552 | IceCv    | Lost mutation: You sometimes lose the ability to read
                  | scrolls when taking damage. [potion of mutation]
 38552 | IceCv    | Lost mutation: You have sharp toenails. [potion of
                  | mutation]
 38552 | IceCv    | Lost mutation: Your natural rate of healing is unusually
                  | fast. [potion of mutation]
 38552 | IceCv    | Gained mutation: Potions are less effective at restoring
                  | your health. [potion of mutation]
 38570 | IceCv    | Found an ancient bone altar of Kikubaaqudgha.
 38946 | IceCv    | Identified the +0 hat of Pragmatism {Will++}
 39025 | IceCv    | Noticed a lich
 39033 | IceCv    | Killed a lich
 39439 | Shoals:1 | Entered Level 1 of the Shoals
 39500 | Shoals:1 | Noticed Kirke
 39513 | Shoals:1 | Killed Kirke
 39618 | Shoals:1 | Noticed a kraken
 39636 | Shoals:1 | Killed a kraken
 39637 | Shoals:1 | Reached skill level 10 in Dodging
 39891 | Shoals:1 | Found a large runed translucent door.
 39891 | Shoals:1 | Found a large runed translucent door.
 39894 | Shoals:1 | Noticed sangerfol's ghost (adept FoFi)
 39937 | Shoals:1 | You fall into a shaft and drop 1 floor!
 39941 | Shoals:2 | Received a gift from Okawaru
 40134 | Shoals:2 | Noticed Ilsuiw
 40147 | Shoals:2 | Killed Ilsuiw
 40427 | Shoals:1 | Noticed a kraken
 40946 | Shoals:1 | Reached skill level 20 in Fighting
 41207 | Shoals:1 | Noticed a kraken
 41651 | Shoals:1 | Reached XP level 18. HP: 143/178 MP: 21/27
 43302 | Shoals:2 | Identified the +1 hat of Absence {Str+4} (Okawaru gifted it
                  | to you on level 2 of the Shoals)
 43302 | Shoals:2 | Received a gift from Okawaru
 43963 | Shoals:3 | Found a runed translucent door.
 43964 | Shoals:3 | Noticed Witt's ghost (adept GrFi)
 45458 | Shoals:4 | Entered Level 4 of the Shoals
 45930 | Shoals:4 | Identified the +3 chain mail of Day {rC+ Dex+2}
 47126 | Shoals:4 | Identified the ring "Qiupiwn" {rF+ MP+9 Str+6 Int+3 Dex-5}
 47900 | Shoals:4 | Got a barnacled rune of Zot
 48674 | Vaults:1 | Entered Level 1 of the Vaults
 48677 | Vaults:1 | Noticed Saint Roka
 48709 | Vaults:1 | Killed Saint Roka
 49029 | Vaults:1 | Received a gift from Okawaru
 49135 | Vaults:1 | Reached skill level 21 in Fighting
 49779 | Vaults:1 | Found Hakedoap's Assorted Antiques.
 49970 | Vaults:1 | Reached XP level 19. HP: 171/189 MP: 28/28
 51580 | D:12     | Bought a scroll of teleportation for 45 gold pieces
 51643 | D:11     | Bought a scroll of teleportation for 42 gold pieces
 51682 | D:12     | You paid a toll of 14 scrolls of teleportation to enter a
                  | treasure trove
 51683 | Trove    | Entered a treasure trove
 51787 | Elf:1    | Entered Level 1 of the Elven Halls
 51787 | Elf:1    | Found a transporter.
 51829 | Elf:1    | Noticed krigyl's ghost (journeyman TrSu)
 51834 | Elf:1    | Found a transporter.
 51896 | Elf:1    | Received a gift from Okawaru
 53203 | Elf:1    | Found Ygoag's Book Shop.
 53206 | Elf:1    | Found Wyneoc's Jewellery Shoppe.
 53207 | Elf:1    | Found Coikas's Book Shop.
 53586 | Elf:2    | Reached skill level 22 in Fighting
 53829 | Elf:2    | Received a gift from Okawaru
 54248 | Elf:2    | Found a runed translucent gate.
 54250 | Elf:2    | Found a runed translucent gate.
 54250 | Elf:2    | Found a runed translucent gate.
 54704 | Vaults:2 | Received a gift from Okawaru
 55014 | Vaults:2 | Reached XP level 20. HP: 202/202 MP: 29/29
 55825 | Vaults:2 | Found Fuckev's Assorted Antiques.
 55856 | Vaults:2 | HP: 10/202 [deep troll[an ironbound preserver] (3)]
 56891 | Vaults:2 | Found a staircase to the Crypt.
 57221 | Vaults:2 | Learned a level 2 spell: Wereblood
 57400 | Vaults:3 | Reached skill level 1 in Transmutations
 57486 | Vaults:3 | Found Wynivvus's Magic Scroll Emporium.
 57495 | Vaults:3 | Bought a scroll of teleportation for 45 gold pieces
 57512 | Vaults:3 | Found a flickering gateway to a bazaar.
 57522 | Bazaar   | Entered a bazaar
 57536 | Bazaar   | Found Toohuo's Book Shoppe.
 57552 | Bazaar   | Found Lehidghitae's Assorted Antiques.
 57552 | Bazaar   | Found Rixy Syri's Armour Emporium.
 57574 | Bazaar   | Found Jugguipoa's Antique Armour Shoppe.
 57574 | Bazaar   | Found Rousys's Antique Weapon Emporium.
 57635 | Bazaar   | Bought a scroll labelled NOOKHL XAISH for 28 gold pieces
 57641 | Bazaar   | Bought a +2 pair of gloves of strength for 236 gold pieces
 57684 | Vaults:3 | Received a gift from Okawaru
 57745 | Vaults:3 | Bought a scroll of enchant weapon for 112 gold pieces
 57745 | Vaults:3 | Bought a scroll of enchant weapon for 112 gold pieces
 57886 | Vaults:3 | Found Effij's Distillery.
 57913 | Vaults:3 | Found Saageh's Jewellery Boutique.
 57927 | Vaults:3 | Bought the amulet "Erghal" {Reflect rF+ Int+3 Dex+4 SH+5}
                  | for 645 gold pieces
 57944 | Vaults:3 | Found Decac's General Store.
 58233 | Vaults:3 | Reached skill level 23 in Fighting
 60331 | Vaults:4 | Received a gift from Okawaru
 60868 | Vaults:4 | Reached XP level 21. HP: 193/211 MP: 27/30
 61362 | Elf:2    | Identified the +5 kite shield of Spite {rElec Will+ Dex+2}
 61362 | Elf:2    | Noticed Donald
 61362 | Elf:2    | Noticed Jorgrun
 61371 | Elf:2    | Killed Donald
 61379 | Elf:2    | Killed Jorgrun
 61835 | Elf:2    | Received a gift from Okawaru
 62094 | Elf:3    | Entered Level 3 of the Elven Halls
 62280 | Elf:3    | Paralysed by an air elemental for 1 turns
 63826 | Elf:3    | Paralysed by an air elemental for 1 turns
 63880 | Elf:3    | Identified the ring of Itoim {rF+ Will+ Dex+7}
 64956 | Shoals:1 | Killed sangerfol's ghost
 65059 | Shoals:3 | Killed Witt's ghost
 65500 | Depths:1 | Entered Level 1 of the Depths
 66025 | Depths:1 | Identified the ring of Idwauh {rPois Dex+3}
 66137 | Depths:1 | Noticed Sojobo
 66149 | Depths:1 | Killed Sojobo
 66149 | Depths:1 | Received a gift from Okawaru
 66158 | Depths:1 | Received a gift from Okawaru
 67177 | Depths:1 | Found an ancient bone altar of Kikubaaqudgha.
 67397 | Depths:1 | Found a gateway to Hell.
 67576 | Depths:1 | Found a one-way gate leading to the halls of Pandemonium.
 67965 | Depths:1 | Reached XP level 22. HP: 123/216 MP: 29/34
 68389 | Depths:2 | Noticed Nikola
 68614 | Crypt:1  | Entered Level 1 of the Crypt
 68793 | Crypt:1  | Identified the +2 mace of Sharp Duty {flame, Str+3 SInv
                  | Stlth+}
 69379 | Crypt:2  | Noticed Jory
 69385 | Crypt:2  | Received a gift from Okawaru
 69390 | Crypt:2  | Killed Jory
 70654 | Crypt:3  | Entered Level 3 of the Crypt
 70933 | Crypt:3  | Found a staircase to the Tomb.
 72164 | Crypt:3  | Found a basalt altar of Yredelemnul.
 72849 | Crypt:3  | Found the +13 scythe of Curses {drain, Drain}
 73089 | Crypt:3  | Identified the +7 chain mail of Objectivity {rPois rC+
                  | Int-5}
 73982 | Crypt:3  | Identified the ring of Ocubea Mami {Ice Contam Str+8}
 74467 | Elf:1    | Bought the ring "Bahuj" {rElec rPois Will++ Int-4 Dex+3
                  | Slay+4} for 1423 gold pieces
 75024 | Elf:1    | Paralysed by an air elemental for 1 turns
 75038 | Elf:1    | Reached skill level 24 in Fighting
 76011 | Depths:1 | Killed Nikola
 76414 | Depths:2 | Reached XP level 23. HP: 229/229 MP: 35/35
 76426 | Depths:2 | Received a gift from Okawaru
 76512 | Depths:2 | Received a gift from Okawaru
 78768 | Depths:3 | Received a gift from Okawaru
 79386 | Depths:3 | Got the Reference Book on Fire and Transmigration
 79420 | Depths:3 | Got the Incunabulum of Companions and the Rocks
 79444 | Depths:3 | Found a shimmering blue altar of Sif Muna.
 79517 | Depths:3 | Noticed Mara
 79521 | Depths:3 | Noticed mdonais's illusion
 79543 | Depths:3 | Noticed mdonais's illusion
 79546 | Depths:3 | Killed Mara
 79546 | Depths:3 | Received a gift from Okawaru
 79725 | Depths:3 | Found the ring of the Mage {Wiz Will++ Int+3}
 79762 | Depths:3 | Noticed an ancient lich
 79766 | Depths:3 | Noticed an ancient lich
 79767 | Depths:3 | Killed an ancient lich
 79771 | Depths:3 | Killed an ancient lich
 79926 | Depths:3 | Got the Almanac of Creative Cold
 80188 | Depths:4 | Received a gift from Okawaru
 80800 | Depths:2 | HP: 8/232 [spriggan berserker (24)]
 82966 | Depths:3 | Found a shimmering blue altar of Sif Muna.
 83486 | D:12     | Bought a scroll of blinking for 112 gold pieces
 83486 | D:12     | Bought a scroll of blinking for 112 gold pieces
 83486 | D:12     | Gained mutation: Your flesh is cold resistant. (rC+)
                  | [potion of mutation]
 83486 | D:12     | Gained mutation: Your mind is acute. (Int +2) [potion of
                  | mutation]
 83486 | D:12     | Gained mutation: You have a pair of small horns on your
                  | head. [potion of mutation]
 83495 | D:12     | Learned a level 3 spell: Ozocubu's Armour
 83807 | Depths:4 | Reached skill level 1 in Ice Magic
 83810 | Depths:4 | Received a gift from Okawaru
 83899 | Depths:4 | Identified the ring of Conformity {rN+ Will+ Int-5 Dex+4}
 84107 | Depths:4 | Reached skill level 5 in Ice Magic
 84107 | Depths:4 | Reached XP level 24. HP: 176/240 MP: 25/35
 84265 | Depths:4 | Received a gift from Okawaru
 84619 | Depths:4 | Found a one-way gate to the infinite horrors of the Abyss.
 84693 | Depths:4 | Reached skill level 5 in Transmutations
 84974 | Depths:5 | Entered Level 5 of the Depths
 85012 | Depths:5 | Received a gift from Okawaru
 85262 | Depths:5 | Reached skill level 25 in Fighting
 85295 | Depths:4 | Identified the +2 quarterstaff of Contradiction {venom,
                  | rElec rCorr Str+4 Int-3}
 85339 | Depths:5 | Received a gift from Okawaru
 85560 | Depths:5 | Found a gateway to a ziggurat.
 85628 | Depths:5 | Received a gift from Okawaru
 85939 | Depths:5 | Noticed Boris
 85953 | Depths:5 | Killed Boris
 86147 | Depths:5 | Found a gate to the Realm of Zot.
 86152 | Depths:5 | Received a gift from Okawaru
 86508 | Depths:4 | Identified the +2 plate armour of Bedazzling Miracles {rF+
                  | Str+2 Dex-3}
 86763 | Vaults:5 | Entered Level 5 of the Vaults
 86875 | Vaults:4 | Reached skill level 15 in Dodging
 87794 | Vaults:5 | Received a gift from Okawaru
 88117 | Vaults:5 | Reached skill level 26 in Fighting
 88466 | Vaults:5 | Noticed Xtahua
 88477 | Vaults:5 | Reached XP level 25. HP: 253/253 MP: 36/36
 88823 | Vaults:5 | Got Kikubaaqudgha's Collected Works on Necromancy
 88881 | Vaults:5 | Identified the +8 quarterstaff of Extinguishment {drain,
                  | Str+2}
 89302 | Vaults:5 | Got Fosh's Compendium of Combat Magic
 89335 | Vaults:5 | Identified the +1 plate armour of Duqo {rC- MP+9 Int-4
                  | Dex+8}
 89403 | Vaults:5 | Received a gift from Okawaru
 89465 | Vaults:5 | Identified the +5 glaive of Untruth {spect, Will+}
 89466 | Vaults:5 | Noticed a dread lich
 89478 | Vaults:5 | Killed a dread lich
 89684 | Vaults:5 | Found the +0 pair of fencer's gloves {Riposte Dex+3}
 89837 | Vaults:5 | Identified the ring of Zisumm {Drain rN+ Int+4 Dex+8}
 89877 | Vaults:5 | Noticed an ancient lich
 90236 | Vaults:4 | Killed an ancient lich
 90488 | Vaults:5 | Got a silver rune of Zot
 90504 | Vaults:5 | Identified the +1 scale mail of the King of the Hill {-Cast
                  | Dex+3 Stlth+}
 90638 | Vaults:5 | Identified the +7 great mace "Uxush" {vorpal, Fly Will+}
 90641 | Vaults:5 | Identified the +0 cloak of Entitlement {+Blink Will+ rCorr
                  | Int+2}
 90847 | Vaults:5 | Killed Xtahua
 92472 | Spider:3 | Identified the +0 hat of the Shoals {Rampage rElec MP+9}
                  | (Okawaru gifted it to you on level 3 of the Spider Nest)
 92472 | Spider:3 | Received a gift from Okawaru
 92908 | Spider:4 | Noticed Arachne
 92943 | Spider:4 | Killed Arachne
 93246 | Spider:4 | Got a gossamer rune of Zot
 93727 | Spider:4 | Acquired 706 gold pieces
 94114 | Vaults:3 | Bought a potion of might for 76 gold pieces
 94114 | Vaults:3 | Bought a potion of mutation for 152 gold pieces
 94114 | Vaults:3 | Bought 2 potions of mutation for 304 gold pieces
 94114 | Vaults:3 | Bought a potion of might for 76 gold pieces
 94114 | Vaults:3 | Bought a potion of haste for 190 gold pieces
 94368 | Orc:2    | Bought 2 potions of might for 128 gold pieces
 94368 | Orc:2    | Bought a potion of mutation for 128 gold pieces
 94371 | Orc:2    | Bought a potion of resistance for 170 gold pieces
 94371 | Orc:2    | Bought a potion of haste for 170 gold pieces
 94371 | Orc:2    | Bought 2 potions of mutation for 272 gold pieces
 94371 | Orc:2    | Bought a potion of magic for 136 gold pieces
 94654 | Zot:1    | Entered Level 1 of the Realm of Zot
 94777 | Zot:1    | Reached skill level 27 in Fighting
 94784 | Zot:1    | Reached XP level 26. HP: 192/266 MP: 27/36
 96078 | Zot:2    | Noticed an orb of fire
 96094 | Zot:1    | Killed an orb of fire
 97105 | Zot:2    | Identified the +4 fire dragon scales of Loss {rF++ rC-
                  | Int+4 Dex+4}
 97424 | Zot:2    | Received a gift from Okawaru
 98150 | Zot:3    | Received a gift from Okawaru
 99150 | Zot:5    | Entered Level 5 of the Realm of Zot
 99570 | Zot:5    | Received a gift from Okawaru
 99618 | Zot:4    | Noticed an orb of fire
 99618 | Zot:4    | Gained mutation: Your magical capacity is low. (-10% MP)
                  | [an orb of fire]
 99626 | Zot:5    | Killed an orb of fire
100052 | Zot:5    | Reached XP level 27. HP: 272/273 MP: 32/32
100082 | Zot:5    | Received a gift from Okawaru
100237 | Zot:5    | Found a runed translucent door.
100237 | Zot:5    | Found a shimmering altar of Xom.
100238 | Zot:5    | Noticed reasonance's ghost (legendary DsFi)
100738 | Zot:5    | Received a gift from Okawaru
100742 | Zot:5    | Noticed an orb of fire
100747 | Zot:5    | Gained mutation: You are occasionally teleported next to
                  | monsters. [an orb of fire]
100754 | Zot:5    | Lost mutation: Your mind is acute. (Int +2) [an orb of
                  | fire]
100756 | Zot:5    | Killed an orb of fire
100772 | Zot:5    | Lost mutation: You have a pair of small horns on your head.
                  | [potion of mutation]
100772 | Zot:5    | Gained mutation: Your muscles are strong. (Str +2) [potion
                  | of mutation]
100773 | Zot:5    | Lost mutation: Your muscles are strong. (Str +2) [potion of
                  | mutation]
100773 | Zot:5    | Lost mutation: You are occasionally teleported next to
                  | monsters. [potion of mutation]
100773 | Zot:5    | Gained mutation: You have sharp toenails. [potion of
                  | mutation]
100773 | Zot:5    | Gained mutation: You have razor-sharp toenails. [potion of
                  | mutation]
101308 | Zot:4    | Noticed an orb of fire
101424 | Zot:5    | Noticed an orb of fire
101424 | Zot:5    | Noticed an orb of fire
101438 | Zot:5    | Gained mutation: You occasionally shout uncontrollably at
                  | your foes. [an orb of fire]
101439 | Zot:5    | Killed an orb of fire
101442 | Zot:5    | Noticed an orb of fire
101445 | Zot:5    | Killed an orb of fire
101445 | Zot:5    | Gained mutation: You are weak. (Str -2) [an orb of fire]
101446 | Zot:5    | Noticed an orb of fire
101454 | Zot:4    | Killed an orb of fire
101760 | Zot:5    | Gained mutation: You sometimes lose the ability to read
                  | scrolls when taking damage. [an orb of fire]
101762 | Zot:5    | Noticed an orb of fire
101762 | Zot:5    | Gained mutation: You are frail. (-10% HP) [an orb of fire]
101766 | Zot:4    | Gained mutation: You are very frail. (-20% HP) [an orb of
                  | fire]
101767 | Zot:4    | Gained mutation: Potions cannot restore your health. [an
                  | orb of fire]
101769 | Zot:4    | Gained mutation: Your magical capacity is very low. (-20%
                  | MP) [an orb of fire]
101771 | Zot:4    | Killed an orb of fire
101771 | Zot:4    | Received a gift from Okawaru
102001 | Zot:5    | Noticed an ancient lich
102008 | Zot:4    | Killed an orb of fire
102254 | Zot:5    | Killed an ancient lich
102254 | Zot:5    | Received a gift from Okawaru
102495 | Zot:5    | Noticed an ancient lich
102503 | Zot:5    | Killed an ancient lich
102504 | Zot:5    | Reached skill level 10 in Invocations
102570 | Zot:5    | Lost mutation: You have razor-sharp toenails. [potion of
                  | mutation]
102570 | Zot:5    | Lost mutation: You are very frail. (-20% HP) [potion of
                  | mutation]
102570 | Zot:5    | Lost mutation: You occasionally shout uncontrollably at
                  | your foes. [potion of mutation]
102570 | Zot:5    | Gained mutation: Your magical capacity is extremely low.
                  | (-30% MP) [potion of mutation]
102570 | Zot:5    | Gained mutation: Your tail ends in a sharp poisonous barb.
                  | [potion of mutation]
102578 | Zot:3    | Lost mutation: You sometimes lose the ability to read
                  | scrolls when taking damage. [potion of mutation]
102578 | Zot:3    | Lost mutation: Your tail ends in a sharp poisonous barb.
                  | [potion of mutation]
102648 | Zot:5    | Noticed an ancient lich
102656 | Zot:5    | Killed an ancient lich
102847 | Zot:5    | Noticed a dread lich
102852 | Zot:5    | Killed a dread lich
103094 | Zot:5    | Found a runed translucent door.
103094 | Zot:5    | Found a shimmering altar of Xom.
103382 | Zot:5    | Identified the +3 buckler of Cest {rPois Int+5 Stlth-}
                  | (Okawaru gifted it to you on level 5 of the Realm of Zot)
103382 | Zot:5    | Received a gift from Okawaru
103466 | Zot:5    | Noticed an orb of fire
103475 | Zot:5    | Killed an orb of fire
103478 | Zot:5    | Reached skill level 10 in Spellcasting
103479 | Zot:5    | Noticed a dread lich
103502 | Zot:5    | Killed a dread lich
104524 | Vaults:2 | Bought a scroll of fog for 70 gold pieces
104524 | Vaults:2 | Bought a potion of magic for 280 gold pieces
104524 | Vaults:2 | Bought a potion of might for 140 gold pieces
104893 | D:2      | Bought 2 potions of resistance for 280 gold pieces
104893 | D:2      | Bought a potion of curing for 42 gold pieces
104893 | D:2      | Bought a potion of haste for 140 gold pieces
104893 | D:2      | Bought a potion of haste for 140 gold pieces
105642 | Zot:5    | Got the Orb of Zot
105664 | Zot:5    | Noticed Tiruple the pandemonium lord
106044 | D:10     | Noticed Qidoafoh the pandemonium lord
106256 | D:$      | Escaped with the Orb!

Illustrated notes

Levels and vault maps discovered:
D:1:      onia_arrival_handbag, layout_basic, minmay_box_of_dots
D:2:      layout_basic, serial_shops, shop
D:3:      layout_loops_ring, jmf_multi_god_temple,
          dreamdust_ecumenical_altar_grove, kennysheep_orc_chapel, uniq_jessica
D:4:      layout_basic, nicolae_qazlal_style_of_elements, uniq_duvessa,
          uniq_sigmund
D:5:      layout_loops_corners, mainiacjoe_overflow_brackets,
          nicolae_ru_great_annihilating_truth
D:6:      layout_basic, minmay_temple_entry_wispy, kennysheep_donut,
          uniq_maggie, uniq_blork_the_orc, uniq_grinder
D:7:      layout_loops_ring, lemuel_crystal_altar,
          chequers_serial_rivers_room_a, uniq_harold, uniq_crazy_yiuf_cottage
D:8:      layout_basic, xom_redecorated, gammafunk_temple_overflow_wave,
          nicolae_straight_to_the_point
D:9:      layout_gridville, fedhas_altar_2, nicolae_wu_jian_wuxing_cycle,
          lemuel_blue_sif_altar, minmay_st_funbox, grunt_ministairs_7
D:10:     layout_rooms, lair_entry_dummy, gammafunk_ghost_mausoleum,
          serial_shops, shop_statue
D:11:     layout_roguey, serial_shops, nicolae_stop_n_shop_1
D:12:     layout_roguey, erik_orc_3, enter_trove_1, serial_shops,
          nicolae_square_shop
D:13:     layout_rooms, hive_lemuel
D:14:     layout_loops_ring, erik_vaults_2, minmay_misc_feat_iff, uniq_frances
D:15:     grunt_enter_depths_snipers, layout_irregular_city,
          nicolae_vehumet_radiance, nicolae_uskayaw_dance_hall, uniq_rupert,
          uniq_louise
Temple:   zaba_magenta_temple
Lair:1:   layout_regular_city, serial_bayou_lagoon_b, grunt_megastairs_4,
          infiniplex_staircase_pool
Lair:2:   layout_hall_layers, ebering_ghost_disaster_area, grunt_megastairs_5
Lair:3:   layout_layer_cave, elwin_shoals_entry_stream,
          spider_nest_entry_web_field, gammafunk_ghost_arena, grunt_megastairs_3
Lair:4:   gammafunk_boulding_lane, layout_small_grid, gammafunk_ghost_icy,
          serial_bayou_pond_c, serial_bayou_shore_a,
          infiniplex_staircase_pool_2, lemuel_fruit_tree,
          minmay_lair_oklob_chamber
Lair:5:   nzn_winding_woodlands_small [nzn_winding_woodlands_5x15_sawtooth,
          nzn_winding_woodlands_center_garden,
          nzn_winding_woodlands_5x15_split_checker], layout_cave_pods,
          dpeg_slime_entry_enclosed_altar, uniq_urug
Lair:6:   due_jungle_book, layout_long_grid, st_stairs_11, roderic_batcave
Shoals:1: nicolae_shoals_lighthouse, layout_shoals, ebering_ghost_disaster_area,
          uniq_kirke
Shoals:2: layout_shoals, uniq_ilsuiw
Shoals:3: layout_shoals, gammafunk_ghost_grave, nicolae_shoals_flooded_hall
Shoals:4: shoals_end_grunt_garden, layout_shoals, shoals_ilsuiw_ice
Spider:1: layout_spider_delve, gammafunk_ghost_grave, drop_trap
Spider:2: layout_spider_delve, nicolae_spider_baby_got_redback
Spider:3: layout_spider_delve, uniq_bai_suzhen
Spider:4: johnstein_spider_rune_arachne_lair,
          portal_ice_cave_entry_ice_statue_two
Orc:1:    layout_caves, serial_shops, nicolae_shop_statue_plus,
          nicolae_volcano_entry_s_turn
Orc:2:    st_orc_pillars, layout_caves
Elf:1:    layout_onion_city, gammafunk_ghost_arena, evilmike_minifort,
          minmay_shop_grove
Elf:2:    elven_hall_of_blades_hangedman_original [nicolae_blade_tridents],
          layout_geoelf_octagon, st_stairs_5, uniq_jorgrun, uniq_donald
Elf:3:    elf_hall_gauntlet_wide, layout_loops_ring, nicolae_twisting_strands,
          minivault_5, minmay_the_grid_square_5x5_3x3_mashed
          [minmay_the_grid_square_5x5_two_walls_a,
          minmay_the_grid_square_5x5_seven,
          minmay_the_grid_square_5x5_checkered,
          minmay_the_grid_square_5x5_sharp_hourglass,
          minmay_the_grid_square_5x5_megaprize_open,
          minmay_the_grid_square_5x5_shuriken,
          minmay_the_grid_square_5x5_inverted_slash,
          minmay_the_grid_square_5x5_dogpile,
          minmay_the_grid_square_5x5_percent]
Vaults:1: ontoclasm_vaults_hangar, ontoclasm_vaults_shuriken,
          hangedman_vaults_slice, v_alt_pattern_4, hangedman_vaults_maws,
          nicolae_vaults_twisting_passages, v_alt_pattern_4,
          nicolae_vaults_little_squares_4, v_misc_22, v_misc_14,
          hangedman_vaults_stream, v_misc_2, ontoclasm_vaults_bender,
          dpeg_vaults_monster_box, ontoclasm_vaults_pinch, st_cross,
          layout_vaults_maze_bifur, serial_shops, nicolae_lakefront_shop,
          uniq_saint_roka
Vaults:2: v_misc_29, minmay_crypt_entry_skeletal_spiral, hangedman_vaults_nails,
          hangedman_vaults_impose, ontoclasm_vaults_tryst,
          hangedman_vaults_impose, nicolae_vaults_shelves_hall, v_misc_17,
          vaults_dpeg_doors, hangedman_vaults_trim, vaults_room_hallway,
          vaults_dpeg_ring, layout_vaults_quadrants, serial_shops,
          shop_fountains
Vaults:3: grunt_vaults_hallway_short, vaults_standard_mumra_enter_the_diamond,
          v_pattern_5, hangedman_vaults_restitches, vaults_room_stairs_pillars,
          vaults_room_hallway, vaults_room_hangedman_quadrants,
          layout_vaults_big_room, serial_shops, bzr_entry_islet,
          nicolae_shop_trees, nicolae_shop_competitors_out_of_business, shop,
          shop
Vaults:4: vaults_mumra_minichess, ontoclasm_vaults_ring_square,
          vaults_room_pools, vaults_dpeg_cross,
          ontoclasm_vaults_decontamination, nicolae_vaults_alarming,
          vaults_dpeg_encased_lava, nicolae_vaults_circle_grid_b, v_pattern_4,
          v_rooms_6, ontoclasm_vaults_gateway, vaults_mumra_minichess_inversion,
          nicolae_vaults_mini_display_case, layout_vaults_omnicross
Vaults:5: uniq_xtahua
Crypt:1:  layout_basic
Crypt:2:  layout_catacombs, uniq_jory
Crypt:3:  evilmike_haunted_forest
Depths:1: layout_cave_shapes, hellmouth_1, minmay_misc_feat_x,
          grunt_pan_entry_sceptre, kennysheep_vampire_church, uniq_sojobo
Depths:2: minmay_mutant_horseshoe, layout_basic, hell_entry,
          kennysheep_random_hallway, uniq_nikola
Depths:3: evilmike_library_of_no_secrets, layout_cross, hell_entry,
          serial_bayou_pond_d, grunt_pan_entry_in_and_out, serial_sigils,
          serial_sigils_hangedman_confine, serial_sigils_hangedman_scratch,
          serial_sigils_hangedman_etch, serial_sigils_hangedman_shear, uniq_mara
Depths:4: minmay_connected_boxes_in_corner, layout_cave_pools, hell_entry,
          kennysheep_nondescript, nicolae_abyss_entry_one_way_or_another,
          hangedman_abyss_or_decor_passed, amcnicky_mini_pool_small,
          nrook_mini_backslash, infiniplex_staircase_trident, firewood_loft
Depths:5: grunt_zot_entry_bicorn, layout_cave_shapes, enter_ziggurat_f,
          hangedman_abyss_or_decor_jellyfish_corner, hell_entry, hex_medium,
          serial_bayou_shore_b, serial_bayou_shore_b, uniq_boris
Zot:1:    layout_twisted_circle
Zot:2:    layout_basic
Zot:3:    layout_basic, lemuel_baited_zot_trap
Zot:4:    infiniplex_zot_generator, layout_onion_interference,
          hangedman_zot_wheel_spokes, zot_minivault_8, lemuel_elevator
Zot:5:    layout_basic, ebering_ghost_xom, bh_zot_lava_cross

Skill      XL: |  1  2  3  4  5  6  7  8  9 10 11 12 13 14 15 16 17 18 19 20 21 22 23 24 25 26 27 |
---------------+----------------------------------------------------------------------------------+-----
Crossbows      | 2 3 4 5 6 7 8 9 10 13 14 15 16 17 18 19 21 22 23 24 25 26 | 26.4
Fighting       | 2 3 4 5 6 7 10 11 12 13 14 15 16 18 20 21 22 23 24 26 27 | 27.0
Invocations    | 1 2 3 4 6 7 8 9 12 | 12.0
Dodging        | 2 3 4 6 7 8 9 10 11 13 14 15 16 18 20 | 20.6
Hexes          | 3 5 |  5.0
Spellcasting   | 2 3 4 6 8 9 10 | 10.9
Evocations     | 2 3 4 5 |  5.0
Shields        | 4 |  4.0
Translocations | 3 5 6 |  6.0
Stealth        | 5 7 |  7.0
Staves         | 2 5 |  5.0
Transmutations | 4 6 7 8 |  8.0
Ice Magic      | 5 6 7 8 |  8.0

Action                   |  1- 3 |  4- 6 |  7- 9 | 10-12 | 13-15 | 16-18 | 19-21 | 22-24 | 25-27 || total
-------------------------+-------+-------+-------+-------+-------+-------+-------+-------+-------++-------
Melee: Quarterstaff      |    86 |    81 |    13 |       |       |       |       |       |       ||   180
       Tailslap          |     4 |    10 |    24 |   118 |    55 |    90 |       |     4 |     2 ||   307
       Dagger            |       |       |   102 |   552 |   253 |       |       |       |       ||   907
       Hand crossbow     |       |       |       |     1 |       |       |       |       |       ||     1
       Falchion          |       |       |       |    10 |       |       |       |       |       ||    10
       Lajatang          |       |       |       |       |    87 |   499 |       |    33 |     6 ||   625
       Arbalest          |       |       |       |       |     1 |       |       |       |       ||     1
       Headbutt          |       |       |       |       |       |       |       |       |     2 ||     2
 Fire: Hand crossbow     |    15 |    58 |   166 |   404 |    11 |       |       |       |       ||   654
       Arbalest          |       |       |       |       |  1064 |  1318 |   700 |       |       ||  3082
       Triple crossbow   |       |       |       |       |       |       |   684 |  1531 |  1198 ||  3413
Throw: Dart              |       |       |    12 |    14 |     2 |       |       |       |       ||    28
 Cast: Corona            |     9 |     2 |     1 |       |       |       |       |       |       ||    12
       Slow              |       |    10 |    10 |       |       |       |       |       |       ||    20
       Portal Projectile |       |       |       |       |     5 |    11 |     4 |     4 |     3 ||    27
       Wereblood         |       |       |       |       |       |       |     1 |     7 |     9 ||    17
       Ozocubu's Armour  |       |       |       |       |       |       |       |     1 |    16 ||    17
Invok: Heroism           |       |       |     8 |    13 |    17 |    22 |    20 |    10 |     5 ||    95
       Finesse           |       |       |       |       |     2 |     2 |     1 |       |     3 ||     8
 Abil: Breathe Noxious F |       |       |    20 |    42 |    27 |    10 |    12 |     5 |     4 ||   120
Evoke: Wand              |       |       |       |    10 |     1 |    17 |     4 |     2 |     5 ||    39
       Phantom mirror    |       |       |       |       |       |       |     1 |       |       ||     1
  Use: Potion            |     1 |       |       |       |     1 |    11 |     1 |     1 |    25 ||    40
       Scroll            |       |     1 |     6 |     7 |     7 |    12 |    18 |     6 |     7 ||    64
 Stab: Sleeping          |     1 |       |       |       |       |     2 |       |       |       ||     3
       Paralysed         |       |       |     4 |       |       |       |       |       |       ||     4
       Confused          |       |       |     8 |    25 |     8 |     2 |       |       |       ||    43
Armor: Skin              |    51 |    34 |    53 |   142 |   274 |   708 |   329 |   373 |   257 ||  2221
Dodge: Dodged            |    51 |    58 |   112 |   441 |   809 |  1582 |   635 |  1081 |   801 ||  5570
Block: Buckler           |       |       |       |   330 |    60 |       |       |       |       ||   390
       Reflection        |       |       |       |     2 |     7 |    31 |    28 |     7 |     3 ||    78
       Other             |       |       |       |       |   191 |   412 |   197 |   237 |   141 ||  1178
       Rpst.: Falchion   |       |       |       |     4 |       |       |       |       |       ||     4
